Map: Blackpink LE

Players

Poetry - Winner!

  • Race: Zerg Zerg
  • Spawn Location: 7:00

A.I. 1 (Easy)

  • Race: Terran Terran
  • Spawn Location: 1:00

VOD

Have the link to the VOD?

Description

Time

  • Played on: April 2, 2018, 9:40 a.m.
  • Length: 21:54
Show
View Real Time Build Order
Export as new Build Order

Poetry Zerg - Winner!

Build Orders: Pool First 

Get SALT Encoding   

  12  0:02  Drone  
  13  0:08  Drone  
  14  0:32  Extractor  
  13  0:41  Spawning Pool, Drone x2  
  14  0:45  Overlord  
  14  1:01  Overlord  
  14  1:17  Drone x2  
  16  1:33  Queen  
  18  1:45  Drone  
  19  1:49  Drone  
  20  2:05  Roach Warren  
  19  2:09  Queen  
  21  2:15  Overlord  
  21  2:19  Overlord  
  21  2:45  Queen  
  23  2:58  Roach x3  
  27  2:59  Roach x3  
  35  3:37  Roach x2  
  35  3:38  Roach  
  35  3:39  Drone  
  42  4:01  Hatchery  
  41  4:03  Drone  
  41  4:04  Drone x2  
  44  4:33  Overlord x2  
  44  4:34  Overlord  
  44  4:45  Queen  
  46  5:47  Roach x2  
  46  5:48  Roach x6  
  46  5:49  Roach x2  
  66  6:15  Drone x2  
  66  6:16  Drone  
  69  6:24  Lair  
  69  6:28  Roach x2  
  69  6:29  Roach  
  69  6:30  Overlord x2  
  75  6:40  Extractor  
  74  6:54  Drone  
  74  6:55  Drone x2  
  77  7:15  Ravager x4  
  81  8:10  Ravager  
  82  8:19  Ravager  
  83  8:27  Drone  
  83  8:29  Roach x4  
  92  8:35  Overlord  
  92  8:36  Overlord x2  
  92  9:02  Hydralisk Den  
  91  9:18  Roach x4  
  91  9:19  Roach x6  
  91  9:20  Roach x2  
  115  9:24  Overlord x3  
  115  10:15  Hydralisk x6  
  115  10:16  Hydralisk  
  129  10:31  Drone  
  129  10:32  Hydralisk x2  
  134  11:14  Spire  
  133  11:19  Drone x3  
  120  12:14  Drone  
  120  12:15  Drone x2  
  123  12:29  Mutalisk  
  123  12:30  Mutalisk x3  
  131  12:46  Mutalisk  
  133  14:00  Mutalisk x3  
  139  14:08  Overlord  
  139  14:09  Overlord x2  
  139  14:26  Mutalisk x2  
  139  14:31  Hydralisk  
  143  14:35  Hydralisk  
  129  18:20  Hydralisk x2  
  129  18:21  Hydralisk  
Show
View Real Time Build Order
Export as new Build Order

A.I. 1 (Easy) Terran 

Build Orders:  

Get SALT Encoding   

  12  0:00  SCV  
  13  0:13  SCV  
  14  0:19  Supply Depot  
  14  0:25  SCV  
  15  0:41  SCV  
  16  0:43  Barracks  
  16  1:09  Command Center  
  16  1:32  Supply Depot  
  16  1:33  Marine, Orbital Command  
  17  1:41  Refinery  
  17  1:50  Refinery, Marine  
  18  1:59  SCV  
  19  2:08  Marine  
  19  2:11  SCV  
  21  2:23  SCV x2  
  21  2:27  Barracks Tech Lab  
  23  2:35  SCV x2  
  25  2:45  Marine  
  25  2:47  Refinery  
  25  2:50  SCV  
  27  2:54  SCV  
  28  3:02  SCV  
  29  3:06  SCV  
  29  3:09  Reaper  
  31  3:14  SCV  
  32  3:20  Supply Depot  
  32  3:21  SCV  
  32  3:26  SCV  
  34  3:33  SCV  
  35  3:38  SCV  
  35  3:41  Marine  
  36  3:45  SCV  
  38  3:49  Supply Depot  
  38  3:50  SCV  
  39  3:57  SCV  
  39  3:59  Marauder  
  39  4:02  SCV  
  43  4:10  SCV  
  43  4:14  Factory, SCV  
  45  4:23  Marauder  
  47  4:27  Supply Depot, SCV  
  48  4:31  SCV  
  49  4:39  SCV  
  49  4:43  Refinery  
  50  4:47  Marauder  
  50  4:49  SCV  
  50  4:50  Supply Depot  
  53  4:53  SCV  
  54  5:00  Starport  
  54  5:01  SCV  
  54  5:05  SCV  
  56  5:10  Reaper  
  56  5:13  SCV  
  58  5:17  SCV  
  58  5:20  Supply Depot  
  59  5:25  SCV  
  60  5:29  SCV  
  61  5:37  SCV  
  61  5:38  Starport Tech Lab  
  61  5:41  SCV  
  61  5:42  Marine  
  64  5:56  Raven  
  66  6:00  Marauder  
  68  6:23  Marine  
  69  6:39  Raven  
  71  6:47  Marine  
  72  7:03  SCV  
  72  7:11  Marauder  
  74  9:35  Command Center  
  74  10:50  Refinery  
  74  10:52  Medivac  
  74  10:53  Cyclone  
  74  10:55  Refinery  
  74  10:56  Engineering Bay  
  79  11:21  Terran Infantry Weapons Level 1  
  79  11:22  Medivac  
  81  11:26  Factory Tech Lab  
  81  11:44  Siege Tank  
  80  11:52  Raven  
  66  11:59  Marine  
  67  12:16  Marine  
  68  12:34  Marine  
  69  12:52  Marine  
  70  13:10  Marine  
  71  13:16  Terran Infantry Armor Level 1  
  71  13:28  Marine  
  72  15:17  Command Center  
  72  15:32  Marauder  
  72  15:34  Armory  
  74  15:37  Supply Depot  
  74  15:53  Marine  
  71  15:59  Raven  
  59  16:11  Marine  
  55  16:20  Supply Depot  
  55  16:21  Hellion  
  55  16:24  SCV  
  42  16:29  Marauder, SCV  
  42  16:33  SCV  
  42  16:38  SCV  
  44  16:42  Refinery, Hellion, SCV  
  44  16:46  Refinery, SCV  
  50  16:50  Marine  
  50  16:51  SCV  
  50  16:55  SCV  
  50  16:59  SCV  
  50  17:01  Command Center  
  51  17:04  SCV  
  51  17:08  Marine  
  39  17:09  SCV  
  39  17:10  Refinery  
  39  17:13  SCV  
  34  17:17  SCV  
  34  17:21  SCV  
  35  17:26  SCV  
  35  17:30  Refinery  
  34  17:49  Engineering Bay  
  33  17:52  Supply Depot  
  22  18:30  Supply Depot  
  22  18:37  SCV  
  22  18:41  SCV  
  21  18:53  SCV  
  15  19:05  SCV  
  15  19:09  Engineering Bay  
  15  19:20  Barracks  
  14  19:30  Command Center  
  14  19:33  Engineering Bay  
  14  19:45  Supply Depot  
  12  19:56  Command Center  
  12  20:01  SCV  
  12  20:06  Marine  
  14  20:10  Refinery  
  14  20:13  Factory, SCV  
  14  20:24  Marine  
  7  20:33  Command Center  
  3  21:03  Command Center  
Tags
 
Matchup
TvZ
Opening
Pool First
Spawn Locations
Cross Positions
Add a new tag
Caveats
  • Supply blocks, unpowered buildings, or Contaminate may cause inaccurate times.
  • Supply counts are checked every 10 seconds.